Calgary Flames vs Vancouver Canucks
Created - Wednesday, November 20, 2024 at 08:57
Goals
|
| Calgary Flames |
1 |
1 |
1 |
3 |
| Vancouver Canucks |
0 |
3 |
2 |
5 |
|
Shots
|
| Calgary Flames |
14 |
9 |
20 |
43 |
| Vancouver Canucks |
16 |
7 |
14 |
37 |
|
1st period
1. Calgary Flames , Matthew Tkachuk 30 (J.T. Miller 50, Oliver Bjorkstrand 19) at 19:28
Penalties :
Jeff Petry (CGY) for Cross-checking (Minor) at 12:30
2nd period
2. Calgary Flames , Sebastian Aho 35 (J.T. Miller 51, Rasmus Andersson 23) at 3:05 (PP)
3. Vancouver Canucks , Noah Hanifin 7 (Casey Mittelstadt 40, Jake Bean 5) at 9:37
4. Vancouver Canucks , Robby Fabbri 13 (Taylor Raddysh 16, Connor Zary 4) at 16:32
5. Vancouver Canucks , Aleksander Barkov 18 (Miro Heiskanen 32) at 16:46
Penalties :
Mikko Rantanen (VAN) for Tripping (Minor) at 2:31, Robby Fabbri (VAN) for Roughing (Minor) at 5:22, Nic Dowd (CGY) for Roughing (Minor) at 13:47, Garnet Hathaway (CGY) for Hooking (Minor) at 18:36
3rd period
6. Vancouver Canucks , Miro Heiskanen 11 (Noah Hanifin 25) at 0:13 (PP)
7. Calgary Flames , Yakov Trenin 8 (Garnet Hathaway 10, Nic Dowd 16) at 9:57
8. Vancouver Canucks , Anton Lundell 13 (Miro Heiskanen 33, Clayton Keller 18) at 13:11
Penalties :
Matthew Tkachuk (CGY) for Hooking (Minor) at 1:33, Miro Heiskanen (VAN) for Hooking (Minor) at 15:35, Justin Schultz (VAN) for Tripping (Minor) at 18:29
Goalie Stats
Ilya Sorokin (CGY), 32 saves from 37 shots - (0.865), L, 31-16-4, 60:00 minutes
Justus Annunen (VAN), 40 saves from 43 shots - (0.930), W, 18-10-5, 60:00 minutes
Players Stats for Calgary Flames
Player Name G A P +/- PIM S H SB GA TA FO MP PP MP PK MP
------------------------------------------------------------------------------------
Cole Sillinger 0 0 0 0 0 0 1 0 0 0 0/0 12:56 0:00 1:15
Drew Doughty 0 0 0 -1 0 4 1 1 0 0 0/0 23:05 2:03 4:02
Garnet Hathaway 0 1 1 0 2 2 1 0 0 0 0/0 8:43 0:07 0:00
J.T. Miller 0 2 2 -2 0 3 0 0 1 0 8/17 15:54 2:14 0:22
Jake Middleton 0 0 0 -1 0 0 0 0 0 0 0/0 17:13 0:00 3:32
Jeff Petry 0 0 0 0 2 2 1 0 1 0 0/0 20:06 3:59 0:00
Jeremy Lauzon 0 0 0 0 0 2 1 0 0 1 0/0 22:41 3:59 3:02
Joel Eriksson Ek 0 0 0 0 0 6 0 0 0 0 3/6 20:16 3:29 3:46
Mathieu Joseph 0 0 0 0 0 1 0 0 1 0 0/1 11:23 0:07 0:00
Matthew Tkachuk 1 0 1 -2 2 5 0 1 1 0 0/0 19:04 3:29 2:24
Nic Dowd 0 1 1 0 2 4 0 0 0 0 3/3 9:22 0:24 0:00
Oliver Bjorkstrand 0 1 1 0 0 1 0 1 2 0 4/9 11:35 0:19 0:00
Pavel Zacha 0 0 0 -2 0 1 1 0 0 0 3/4 20:04 3:29 3:33
Rasmus Andersson 0 1 1 -1 0 1 0 1 0 0 0/0 23:05 2:03 4:02
Sebastian Aho 1 0 1 0 0 3 0 0 0 0 4/13 18:56 2:14 3:48
Vincent Desharnais 0 0 0 -1 0 0 0 0 0 1 0/0 14:14 0:00 0:30
Yakov Trenin 1 0 1 0 0 5 0 1 0 0 0/0 8:37 0:00 0:00
Zach Hyman 0 0 0 0 0 3 1 0 2 0 0/2 15:08 2:14 0:00
Players Stats for Vancouver Canucks
Player Name G A P +/- PIM S H SB GA TA FO MP PP MP PK MP
------------------------------------------------------------------------------------
Aleksander Barkov 1 0 1 0 0 6 7 0 0 0 20/29 22:41 3:46 3:30
Anton Lundell 1 0 1 1 0 2 0 0 0 0 9/14 15:01 0:00 2:22
Artturi Lehkonen 0 0 0 0 0 4 1 0 0 2 0/3 22:04 3:48 2:31
Casey Mittelstadt 0 1 1 0 0 3 1 0 1 0 1/3 19:19 3:48 0:01
Clayton Keller 0 1 1 1 0 4 2 0 0 0 0/0 16:07 3:46 0:00
Connor Zary 0 1 1 1 0 0 1 0 0 0 0/3 10:00 0:00 0:00
Emil Martinsen Lilleberg 0 0 0 -1 0 1 0 0 0 1 0/0 21:33 3:43 2:55
Jacob Bryson 0 0 0 -1 0 1 1 0 0 0 0/0 14:14 0:00 0:00
Jake Bean 0 1 1 -1 0 1 0 1 0 0 0/0 18:35 3:43 3:07
Jesperi Kotkaniemi 0 0 0 0 0 1 0 1 0 1 0/3 8:29 0:00 0:11
Justin Schultz 0 0 0 -1 2 2 0 2 0 1 0/0 12:27 0:00 0:01
Kasperi Kapanen 0 0 0 0 0 0 2 1 0 0 0/0 8:13 0:00 0:00
Matias Maccelli 0 0 0 0 0 2 0 0 0 0 0/0 8:13 0:00 0:00
Mikko Rantanen 0 0 0 1 2 2 2 1 1 0 0/0 16:06 3:46 0:00
Miro Heiskanen 1 2 3 4 2 2 1 1 0 1 0/0 26:19 3:51 2:17
Noah Hanifin 1 1 2 4 0 3 0 1 0 1 0/0 27:10 3:51 3:44
Robby Fabbri 1 0 1 1 2 3 5 0 0 1 0/0 10:04 0:00 0:00
Taylor Raddysh 0 1 1 1 0 0 0 3 0 0 0/0 17:19 3:48 3:29
3 Stars
1 - Miro Heiskanen (VAN)
2 - Noah Hanifin (VAN)
3 - Aleksander Barkov (VAN)
Power Play
Calgary Flames - 1 on 4 Attempt(s) - 25.00%
Vancouver Canucks - 1 on 4 Attempt(s) - 25.00%
Penalty Kill
Calgary Flames - 3 on 4 Attempt(s) - 75.00%
- Score 0 goal in Penalty Kill
Vancouver Canucks - 3 on 4 Attempt(s) - 75.00%
- Score 0 goal in Penalty Kill
Team Stat
Calgary Flames - Hits : 7 - Faceoff Wins : 25 - Blocked Shots : 5 - Penalty Minutes : 8
Vancouver Canucks - Hits : 23 - Faceoff Wins : 30 - Blocked Shots : 11 - Penalty Minutes : 8
Official
Referees : Kendrick Nicholson and Conor O'Donnell
Linesman : Steve Barton and Caleb Apperson
Game Notes
No Game Note
Finance
Level 1 -- Attendance: 4283 (71.38%) -- Ticket Income $424,017
Level 2 -- Attendance: 4167 (83.34%) -- Ticket Income $245,853
Level 3 -- Attendance: 2274 (75.80%) -- Ticket Income $77,316
Level 4 -- Attendance: 3640 (72.80%) -- Ticket Income $87,360
Luxury Box -- Attendance: 714 (71.40%) -- Ticket Income $142,086
Game was played at the Rogers Arena.
Total Attendance: 15078 (75.39%)
Total Ticket Income: $976,632
Other Income: $341,821
Total Income: $1,318,453
Calgary Flames
5 vs 5 Forward
Center Left Wing Right Wing Time % Phy DF OF
1 J.T. Miller Pavel Zacha Matthew Tkachuk 30 1 2 2
2 Sebastian Aho Zach Hyman Joel Eriksson Ek 30 1 2 2
3 Oliver Bjorkstrand Cole Sillinger Mathieu Joseph 25 1 2 2
4 Nic Dowd Yakov Trenin Garnet Hathaway 15 1 2 2
5 vs 5 Defense
Defense Defense Time % Phy DF OF
1 Drew Doughty Rasmus Andersson 35 1 2 2
2 Jeff Petry Jeremy Lauzon 35 1 2 2
3 Jake Middleton Vincent Desharnais 30 1 2 2
4 Drew Doughty Rasmus Andersson 0 1 2 2
PowerPlay Forward
Center Left Wing Right Wing Time % Phy DF OF
1 Joel Eriksson Ek Pavel Zacha Matthew Tkachuk 50 1 2 2
2 Sebastian Aho Zach Hyman J.T. Miller 50 1 2 2
PowerPlay Defense
Defense Defense Time % Phy DF OF
1 Drew Doughty Rasmus Andersson 50 1 2 2
2 Jeremy Lauzon Jeff Petry 50 1 2 2
Penalty Kill 4 Players Forward
Center Wing Time % Phy DF OF
1 Pavel Zacha Sebastian Aho 50 1 2 2
2 Joel Eriksson Ek Matthew Tkachuk 50 1 2 2
Penalty Kill 4 Players Defense
Defense Defense Time % Phy DF OF
1 Drew Doughty Rasmus Andersson 50 1 2 2
2 Jake Middleton Jeremy Lauzon 50 1 2 2
Penalty Kill - 3 Players Forward
Forward Time % Phy DF OF
1 Matthew Tkachuk 50 1 2 2
2 Sebastian Aho 50 1 2 2
Penalty Kill - 3 Players Defense
Defense Defense Time % Phy DF OF
1 Drew Doughty Rasmus Andersson 50 1 2 2
2 Jeremy Lauzon Jake Middleton 50 1 2 2
4 vs 4 Forward
Center Wing Time % Phy DF OF
1 Pavel Zacha Sebastian Aho 50 1 2 2
2 Joel Eriksson Ek Matthew Tkachuk 50 1 2 2
4 vs 4 Defense
Defense Defense Time % Phy DF OF
1 Drew Doughty Rasmus Andersson 50 1 2 2
2 Jake Middleton Vincent Desharnais 50 1 2 2
Last Minutes Offensive
Center Left Wing Right Wing Defense Defense
J.T. Miller Pavel Zacha Matthew Tkachuk Drew Doughty Rasmus Andersson
Last Minutes Defensive
Center Left Wing Right Wing Defense Defense
J.T. Miller Pavel Zacha Matthew Tkachuk Drew Doughty Rasmus Andersson
Goaltenders
Starting : Ilya Sorokin
Backup : Samuel Montembeault
Extra Forwards
Normal : Nic Dowd, Oliver Bjorkstrand, Cole Sillinger - PP : Nic Dowd, Oliver Bjorkstrand - PK : Cole Sillinger
Extra Defensemen
Normal : Jake Middleton, Jeremy Lauzon, Rasmus Andersson - PP : Jake Middleton - PK : Jeremy Lauzon, Rasmus Andersson
Penalty Shots
J.T. Miller, Sebastian Aho, Joel Eriksson Ek, Matthew Tkachuk, Pavel Zacha
Scratches
Timo Meier (Healthy), Noel Acciari (Healthy), Rafael Harvey-Pinard (Healthy), Kris Letang (Right Foot Injury)
Vancouver Canucks
5 vs 5 Forward
Center Left Wing Right Wing Time % Phy DF OF
1 Aleksander Barkov Casey Mittelstadt Artturi Lehkonen 40 1 2 2
2 Anton Lundell Clayton Keller Mikko Rantanen 30 1 2 2
3 Connor Zary Robby Fabbri Taylor Raddysh 20 1 2 2
4 Jesperi Kotkaniemi Matias Maccelli Kasperi Kapanen 10 1 2 2
5 vs 5 Defense
Defense Defense Time % Phy DF OF
1 Noah Hanifin Miro Heiskanen 30 1 2 2
2 Emil Martinsen Lilleberg Jacob Bryson 30 1 2 2
3 Jake Bean Justin Schultz 25 1 2 2
4 Noah Hanifin Miro Heiskanen 15 1 2 2
PowerPlay Forward
Center Left Wing Right Wing Time % Phy DF OF
1 Aleksander Barkov Clayton Keller Mikko Rantanen 50 1 2 2
2 Casey Mittelstadt Artturi Lehkonen Taylor Raddysh 50 1 2 2
PowerPlay Defense
Defense Defense Time % Phy DF OF
1 Noah Hanifin Miro Heiskanen 50 1 2 2
2 Jake Bean Emil Martinsen Lilleberg 50 1 2 2
Penalty Kill 4 Players Forward
Center Wing Time % Phy DF OF
1 Aleksander Barkov Taylor Raddysh 50 1 2 2
2 Anton Lundell Artturi Lehkonen 50 1 2 2
Penalty Kill 4 Players Defense
Defense Defense Time % Phy DF OF
1 Noah Hanifin Jake Bean 50 1 2 2
2 Emil Martinsen Lilleberg Miro Heiskanen 50 1 2 2
Penalty Kill - 3 Players Forward
Forward Time % Phy DF OF
1 Aleksander Barkov 50 1 2 2
2 Taylor Raddysh 50 1 2 2
Penalty Kill - 3 Players Defense
Defense Defense Time % Phy DF OF
1 Noah Hanifin Jake Bean 50 1 2 2
2 Emil Martinsen Lilleberg Miro Heiskanen 50 1 2 2
4 vs 4 Forward
Center Wing Time % Phy DF OF
1 Casey Mittelstadt Mikko Rantanen 50 1 2 2
2 Aleksander Barkov Clayton Keller 50 1 2 2
4 vs 4 Defense
Defense Defense Time % Phy DF OF
1 Noah Hanifin Miro Heiskanen 50 1 2 2
2 Jake Bean Emil Martinsen Lilleberg 50 1 2 2
Last Minutes Offensive
Center Left Wing Right Wing Defense Defense
Aleksander Barkov Clayton Keller Mikko Rantanen Noah Hanifin Miro Heiskanen
Last Minutes Defensive
Center Left Wing Right Wing Defense Defense
Aleksander Barkov Clayton Keller Mikko Rantanen Noah Hanifin Miro Heiskanen
Goaltenders
Starting : Justus Annunen
Backup : Joonas Korpisalo
Extra Forwards
Normal : Matias Maccelli, Mikko Rantanen, Jesperi Kotkaniemi - PP : Matias Maccelli, Anton Lundell - PK : Jesperi Kotkaniemi
Extra Defensemen
Normal : Jake Bean, Miro Heiskanen, Emil Martinsen Lilleberg - PP : Jake Bean - PK : Noah Hanifin, Emil Martinsen Lilleberg
Penalty Shots
Aleksander Barkov, Mikko Rantanen, Clayton Keller, Artturi Lehkonen, Casey Mittelstadt
Scratches
Ty Dellandrea (Healthy), Adam Boqvist (Left Foot Injury), Jacob Bernard-Docker (Back Injury), Jesse Ylonen (Healthy), Nathan Smith (Healthy)
Ville Husso (Healthy)
% Time on Ice - Calgary Flames
Lines # - Real PCT - Wanted PCT - Time Play
Normal Forward
1 - 28% - 30% - 13:02
2 - 29% - 30% - 13:29
3 - 24% - 25% - 11:16
4 - 19% - 15% - 8:37
Normal Defense
1 - 35% - 35% - 16:25
2 - 34% - 35% - 15:40
3 - 30% - 30% - 13:44
4 - 1% - 0% - 0:35
PP Forward
1 - 61% - 50% - 3:41
2 - 39% - 50% - 2:21
PP Defense
1 - 34% - 50% - 2:03
2 - 66% - 50% - 3:59
PK Forward
1 - 43% - 50% - 3:16
2 - 57% - 50% - 4:18
PK Defense
1 - 53% - 50% - 4:02
2 - 47% - 50% - 3:32
PK3 Forward
1 - 0% - 50%
2 - 0% - 50%
PK3 Defense
1 - 0% - 50%
2 - 0% - 50%
44 Forward
1 - 0% - 50%
2 - 0% - 50%
44 Defense
1 - 0% - 50%
2 - 0% - 50%
Last Minute Offensive - 0:00
Last Minute Defensive - 0:00
Total
Forward - 60:00
Defense - 60:00
|
% Time on Ice - Vancouver Canucks
Lines # - Real PCT - Wanted PCT - Time Play
Normal Forward
1 - 33% - 40% - 15:30
2 - 27% - 30% - 12:41
3 - 22% - 20% - 10:00
4 - 18% - 10% - 8:13
Normal Defense
1 - 30% - 30% - 13:46
2 - 33% - 30% - 15:17
3 - 25% - 25% - 11:32
4 - 13% - 15% - 5:49
PP Forward
1 - 50% - 50% - 3:46
2 - 50% - 50% - 3:48
PP Defense
1 - 51% - 50% - 3:51
2 - 49% - 50% - 3:43
PK Forward
1 - 58% - 50% - 3:31
2 - 42% - 50% - 2:31
PK Defense
1 - 52% - 50% - 3:07
2 - 48% - 50% - 2:55
PK3 Forward
1 - 0% - 50%
2 - 0% - 50%
PK3 Defense
1 - 0% - 50%
2 - 0% - 50%
44 Forward
1 - 0% - 50%
2 - 0% - 50%
44 Defense
1 - 0% - 50%
2 - 0% - 50%
Last Minute Offensive - 0:00
Last Minute Defensive - 0:00
Total
Forward - 60:00
Defense - 60:00
|
Play-by-Play
1st period
0:01 of 1st period - Aleksander Barkov wins face-off versus J.T. Miller in neutral zone.
0:06 of 1st period - Snap shot by Casey Mittelstadt.
0:06 of 1st period - Stopped by Ilya Sorokin with a rebound.
0:51 of 1st period - Snap shot by Mathieu Joseph.
0:51 of 1st period - Shot Misses the Net.
0:53 of 1st period - Slapshot by Drew Doughty.
0:53 of 1st period - Shot Misses the Net.
0:55 of 1st period - Slapshot by Drew Doughty.
0:55 of 1st period - Stopped by Justus Annunen without a rebound.
0:56 of 1st period - Nic Dowd wins face-off versus Jesperi Kotkaniemi in Vancouver Canucks zone.
0:57 of 1st period - Wrist shot by Yakov Trenin.
0:57 of 1st period - Stopped by Justus Annunen with a rebound.
1:39 of 1st period - Off-side.
1:40 of 1st period - Aleksander Barkov wins face-off versus Sebastian Aho in neutral zone.
3:04 of 1st period - Snap shot by Robby Fabbri.
3:04 of 1st period - Stopped by Ilya Sorokin with a rebound.
3:06 of 1st period - Slapshot by Noah Hanifin.
3:06 of 1st period - Stopped by Ilya Sorokin without a rebound.
3:07 of 1st period - Aleksander Barkov wins face-off versus Zach Hyman in Calgary Flames zone.
3:16 of 1st period - Snap shot by Aleksander Barkov.
3:16 of 1st period - Stopped by Ilya Sorokin with a rebound.
3:18 of 1st period - Snap shot by Artturi Lehkonen.
3:18 of 1st period - Shot Misses the Net.
3:20 of 1st period - Wrist shot by Artturi Lehkonen.
3:20 of 1st period - Shot Misses the Net.
3:22 of 1st period - Slapshot by Jacob Bryson.
3:22 of 1st period - Deflect By Zach Hyman.
3:22 of 1st period - Stopped by Ilya Sorokin without a rebound.
3:23 of 1st period - Oliver Bjorkstrand wins face-off versus Anton Lundell in Calgary Flames zone.
3:23 of 1st period - Oliver Bjorkstrand is hit by Mikko Rantanen.
3:48 of 1st period - Vincent Desharnais is hit by Aleksander Barkov.
4:57 of 1st period - Snap shot by Nic Dowd.
4:57 of 1st period - Stopped by Justus Annunen with a rebound.
5:05 of 1st period - Snap shot by Garnet Hathaway.
5:05 of 1st period - Stopped by Justus Annunen with a rebound.
5:17 of 1st period - Snap shot by Aleksander Barkov.
5:17 of 1st period - Shot Blocked by Rasmus Andersson.
5:19 of 1st period - Wrist shot by Aleksander Barkov.
5:19 of 1st period - Stopped by Ilya Sorokin without a rebound.
5:20 of 1st period - Aleksander Barkov wins face-off versus Sebastian Aho in Calgary Flames zone.
5:35 of 1st period - Slapshot by Artturi Lehkonen.
5:35 of 1st period - Stopped by Ilya Sorokin with a rebound.
5:37 of 1st period - Snap shot by Aleksander Barkov.
5:37 of 1st period - Stopped by Ilya Sorokin without a rebound.
5:38 of 1st period - Anton Lundell wins face-off versus Oliver Bjorkstrand in Calgary Flames zone.
6:07 of 1st period - Snap shot by Aleksander Barkov.
6:07 of 1st period - Shot Misses the Net.
6:09 of 1st period - Snap shot by Artturi Lehkonen.
6:09 of 1st period - Shot Misses the Net.
6:27 of 1st period - Slapshot by Joel Eriksson Ek.
6:27 of 1st period - Stopped by Justus Annunen with a rebound.
6:29 of 1st period - Wrist shot by Sebastian Aho.
6:29 of 1st period - Shot Misses the Net.
6:31 of 1st period - Slapshot by Drew Doughty.
6:31 of 1st period - Shot Misses the Net.
6:33 of 1st period - Wrist shot by Sebastian Aho.
6:33 of 1st period - Stopped by Justus Annunen without a rebound.
6:34 of 1st period - Anton Lundell wins face-off versus Sebastian Aho in Vancouver Canucks zone.
6:47 of 1st period - Snap shot by Clayton Keller.
6:47 of 1st period - Stopped by Ilya Sorokin with a rebound.
6:49 of 1st period - Snap shot by Anton Lundell.
6:49 of 1st period - Stopped by Ilya Sorokin with a rebound.
6:51 of 1st period - Slapshot by Jake Bean.
6:51 of 1st period - Deflect By Sebastian Aho.
6:51 of 1st period - Stopped by Ilya Sorokin without a rebound.
6:52 of 1st period - Pavel Zacha wins face-off versus Aleksander Barkov in Calgary Flames zone.
7:04 of 1st period - Backhand shot by Artturi Lehkonen.
7:04 of 1st period - Stopped by Ilya Sorokin with a rebound.
7:06 of 1st period - Snap shot by Artturi Lehkonen.
7:06 of 1st period - Shot Misses the Net.
7:08 of 1st period - Slapshot by Noah Hanifin.
7:08 of 1st period - Shot Misses the Net.
8:10 of 1st period - Snap shot by Joel Eriksson Ek.
8:10 of 1st period - Shot Misses the Net.
8:30 of 1st period - Snap shot by J.T. Miller.
8:30 of 1st period - Shot Blocked by Justin Schultz.
8:32 of 1st period - Slapshot by J.T. Miller.
8:32 of 1st period - Stopped by Justus Annunen with a rebound.
8:34 of 1st period - Wrist shot by Pavel Zacha.
8:34 of 1st period - Shot Misses the Net.
8:36 of 1st period - Snap shot by Pavel Zacha.
8:36 of 1st period - Shot Misses the Net.
8:52 of 1st period - Wrist shot by Oliver Bjorkstrand.
8:52 of 1st period - Shot Misses the Net.
9:30 of 1st period - Vincent Desharnais is hit by Aleksander Barkov and loses puck.
9:35 of 1st period - Snap shot by Casey Mittelstadt.
9:35 of 1st period - Stopped by Ilya Sorokin without a rebound.
9:36 of 1st period - Joel Eriksson Ek wins face-off versus Anton Lundell in Calgary Flames zone.
10:11 of 1st period - Snap shot by J.T. Miller.
10:11 of 1st period - Stopped by Justus Annunen with a rebound.
10:25 of 1st period - Mathieu Joseph is hit by Robby Fabbri and loses puck.
11:43 of 1st period - Wrist shot by Clayton Keller.
11:43 of 1st period - Stopped by Ilya Sorokin without a rebound.
11:44 of 1st period - Aleksander Barkov wins face-off versus J.T. Miller in Calgary Flames zone.
12:20 of 1st period - Snap shot by Connor Zary.
12:20 of 1st period - Shot Misses the Net.
12:22 of 1st period - Snap shot by Justin Schultz.
12:22 of 1st period - Stopped by Ilya Sorokin with a rebound.
12:24 of 1st period - Slapshot by Connor Zary.
12:24 of 1st period - Shot Misses the Net.
12:30 of 1st period - Minor Penalty to Jeff Petry for Cross-checking.
12:31 of 1st period - Aleksander Barkov wins face-off versus Joel Eriksson Ek in Calgary Flames zone.
12:48 of 1st period - Pavel Zacha is hit by Aleksander Barkov and loses puck.
14:30 of 1st period - Penalty to Jeff Petry is over, Jeff Petry is back on ice.
14:58 of 1st period - Jacob Bryson is hit by Jeff Petry and loses puck.
15:09 of 1st period - Wrist shot by Yakov Trenin.
15:09 of 1st period - Stopped by Justus Annunen with a rebound.
15:11 of 1st period - Wrist shot by Nic Dowd.
15:11 of 1st period - Stopped by Justus Annunen without a rebound.
15:12 of 1st period - J.T. Miller wins face-off versus Jesperi Kotkaniemi in Vancouver Canucks zone.
15:21 of 1st period - Backhand shot by Matthew Tkachuk.
15:21 of 1st period - Shot Misses the Net.
16:05 of 1st period - Slapshot by Clayton Keller.
16:05 of 1st period - Shot Misses the Net.
16:07 of 1st period - Snap shot by Anton Lundell.
16:07 of 1st period - Shot Misses the Net.
16:27 of 1st period - Jake Middleton is hit by Kasperi Kapanen and loses puck.
16:39 of 1st period - Off-side.
16:40 of 1st period - Sebastian Aho wins face-off versus Connor Zary in neutral zone.
16:45 of 1st period - Snap shot by Sebastian Aho.
16:45 of 1st period - Shot Blocked by Taylor Raddysh.
16:47 of 1st period - Slapshot by Jeremy Lauzon.
16:47 of 1st period - Stopped by Justus Annunen with a rebound.
17:08 of 1st period - Jeremy Lauzon is hit by Robby Fabbri and loses puck.
17:43 of 1st period - Wrist shot by Zach Hyman.
17:43 of 1st period - Stopped by Justus Annunen without a rebound.
17:44 of 1st period - Aleksander Barkov wins face-off versus Oliver Bjorkstrand in Vancouver Canucks zone.
18:11 of 1st period - Rasmus Andersson is hit by Mikko Rantanen.
18:15 of 1st period - Snap shot by Clayton Keller.
18:15 of 1st period - Deflect By Mikko Rantanen.
18:15 of 1st period - Stopped by Ilya Sorokin with a rebound.
18:51 of 1st period - Garnet Hathaway is hit by Aleksander Barkov and loses puck.
19:26 of 1st period - Snap shot by J.T. Miller.
19:26 of 1st period - Stopped by Justus Annunen with a rebound.
19:28 of 1st period - Wrist shot by Matthew Tkachuk.
19:28 of 1st period - Goal by Matthew Tkachuk - Calgary Flames : 1 - Vancouver Canucks : 0.
19:29 of 1st period - Aleksander Barkov wins face-off versus J.T. Miller in neutral zone.
Goals for this period are 1 for Calgary Flames vs 0 for Vancouver Canucks.
Shots for this period are 14 for Calgary Flames vs 16 for Vancouver Canucks.
2nd period
0:01 of 2nd period - Aleksander Barkov wins face-off versus Sebastian Aho in neutral zone.
0:39 of 2nd period - Backhand shot by Zach Hyman.
0:39 of 2nd period - Stopped by Justus Annunen with a rebound.
0:59 of 2nd period - Snap shot by Robby Fabbri.
0:59 of 2nd period - Stopped by Ilya Sorokin without a rebound.
1:00 of 2nd period - Aleksander Barkov wins face-off versus Oliver Bjorkstrand in Calgary Flames zone.
1:47 of 2nd period - Jesperi Kotkaniemi is hit by Garnet Hathaway and loses puck.
2:00 of 2nd period - Slapshot by Yakov Trenin.
2:00 of 2nd period - Deflect By Kasperi Kapanen.
2:00 of 2nd period - Shot Blocked by Kasperi Kapanen.
2:00 of 2nd period - Puck is out of play.
2:01 of 2nd period - Oliver Bjorkstrand wins face-off versus Artturi Lehkonen in Vancouver Canucks zone.
2:02 of 2nd period - Snap shot by Mathieu Joseph.
2:02 of 2nd period - Stopped by Justus Annunen with a rebound.
2:18 of 2nd period - Snap shot by Aleksander Barkov.
2:18 of 2nd period - Stopped by Ilya Sorokin without a rebound.
2:19 of 2nd period - J.T. Miller wins face-off versus Anton Lundell in Calgary Flames zone.
2:31 of 2nd period - Minor Penalty to Mikko Rantanen for Tripping.
2:32 of 2nd period - Joel Eriksson Ek wins face-off versus Aleksander Barkov in Vancouver Canucks zone.
2:38 of 2nd period - Wrist shot by Matthew Tkachuk.
2:38 of 2nd period - Stopped by Justus Annunen with a rebound.
2:40 of 2nd period - Snap shot by Pavel Zacha.
2:40 of 2nd period - Stopped by Justus Annunen with a rebound.
2:42 of 2nd period - Slapshot by Drew Doughty.
2:42 of 2nd period - Stopped by Justus Annunen with a rebound.
2:44 of 2nd period - Slapshot by Joel Eriksson Ek.
2:44 of 2nd period - Stopped by Justus Annunen with a rebound.
3:05 of 2nd period - Slapshot by Sebastian Aho.
3:05 of 2nd period - Goal by Sebastian Aho - Calgary Flames : 2 - Vancouver Canucks : 0.
3:06 of 2nd period - Aleksander Barkov wins face-off versus Oliver Bjorkstrand in neutral zone.
3:09 of 2nd period - Mathieu Joseph is hit by Artturi Lehkonen and loses puck.
4:01 of 2nd period - Snap shot by Garnet Hathaway.
4:01 of 2nd period - Deflect By Yakov Trenin.
4:01 of 2nd period - Stopped by Justus Annunen with a rebound.
4:58 of 2nd period - Justin Schultz is hit by Zach Hyman and loses puck.
5:22 of 2nd period - Minor Penalty to Robby Fabbri for Roughing.
5:23 of 2nd period - Anton Lundell wins face-off versus Sebastian Aho in Vancouver Canucks zone.
5:33 of 2nd period - Snap shot by Sebastian Aho.
5:33 of 2nd period - Shot Misses the Net.
7:22 of 2nd period - Penalty to Robby Fabbri is over, Robby Fabbri is back on ice.
7:52 of 2nd period - Vincent Desharnais is hit by Robby Fabbri and loses puck.
8:18 of 2nd period - Slapshot by Drew Doughty.
8:18 of 2nd period - Stopped by Justus Annunen without a rebound.
8:19 of 2nd period - Aleksander Barkov wins face-off versus Mathieu Joseph in Vancouver Canucks zone.
8:32 of 2nd period - Cole Sillinger is hit by Aleksander Barkov and loses puck.
9:02 of 2nd period - Off-side.
9:03 of 2nd period - Anton Lundell wins face-off versus Sebastian Aho in neutral zone.
9:30 of 2nd period - Jake Bean is hit by Pavel Zacha and loses puck.
9:37 of 2nd period - Slapshot by Noah Hanifin.
9:37 of 2nd period - Goal by Noah Hanifin - Calgary Flames : 2 - Vancouver Canucks : 1.
9:38 of 2nd period - Sebastian Aho wins face-off versus Aleksander Barkov in neutral zone.
10:44 of 2nd period - Nic Dowd is hit by Aleksander Barkov and loses puck.
12:11 of 2nd period - Slapshot by Zach Hyman.
12:11 of 2nd period - Shot Misses the Net.
12:39 of 2nd period - Wrist shot by Artturi Lehkonen.
12:39 of 2nd period - Stopped by Ilya Sorokin without a rebound.
12:40 of 2nd period - Anton Lundell wins face-off versus J.T. Miller in Calgary Flames zone.
12:55 of 2nd period - Slapshot by Matthew Tkachuk.
12:55 of 2nd period - Shot Misses the Net.
12:57 of 2nd period - Wrist shot by Matthew Tkachuk.
12:57 of 2nd period - Shot Blocked by Mikko Rantanen.
13:36 of 2nd period - Snap shot by Cole Sillinger.
13:36 of 2nd period - Shot Blocked by Jesperi Kotkaniemi.
13:38 of 2nd period - Slapshot by Vincent Desharnais.
13:38 of 2nd period - Shot Misses the Net.
13:47 of 2nd period - Minor Penalty to Nic Dowd for Roughing.
13:48 of 2nd period - Casey Mittelstadt wins face-off versus Pavel Zacha in Calgary Flames zone.
14:23 of 2nd period - Snap shot by Mikko Rantanen.
14:23 of 2nd period - Stopped by Ilya Sorokin with a rebound.
15:47 of 2nd period - Penalty to Nic Dowd is over, Nic Dowd is back on ice.
15:55 of 2nd period - Snap shot by Joel Eriksson Ek.
15:55 of 2nd period - Deflect By Miro Heiskanen.
15:55 of 2nd period - Shot Blocked by Noah Hanifin.
15:55 of 2nd period - Puck is out of play.
15:56 of 2nd period - Oliver Bjorkstrand wins face-off versus Jesperi Kotkaniemi in Vancouver Canucks zone.
16:23 of 2nd period - Garnet Hathaway is hit by Connor Zary and loses puck.
16:32 of 2nd period - Wrist shot by Robby Fabbri.
16:32 of 2nd period - Goal by Robby Fabbri - Calgary Flames : 2 - Vancouver Canucks : 2.
16:33 of 2nd period - Aleksander Barkov wins face-off versus J.T. Miller in neutral zone.
16:46 of 2nd period - Snap shot by Aleksander Barkov.
16:46 of 2nd period - Goal by Aleksander Barkov - Calgary Flames : 2 - Vancouver Canucks : 3.
16:47 of 2nd period - Sebastian Aho wins face-off versus Aleksander Barkov in neutral zone.
17:13 of 2nd period - Drew Doughty is hit by Robby Fabbri and loses puck.
18:26 of 2nd period - Slapshot by Artturi Lehkonen.
18:26 of 2nd period - Shot Blocked by Yakov Trenin.
18:36 of 2nd period - Minor Penalty to Garnet Hathaway for Hooking.
18:37 of 2nd period - Joel Eriksson Ek wins face-off versus Casey Mittelstadt in Calgary Flames zone.
18:48 of 2nd period - Slapshot by Noah Hanifin.
18:48 of 2nd period - Shot Blocked by Matthew Tkachuk.
18:50 of 2nd period - Wrist shot by Casey Mittelstadt.
18:50 of 2nd period - Shot Misses the Net.
18:52 of 2nd period - Slapshot by Miro Heiskanen.
18:52 of 2nd period - Shot Misses the Net.
19:25 of 2nd period - Joel Eriksson Ek is hit by Casey Mittelstadt.
Goals for this period are 1 for Calgary Flames vs 3 for Vancouver Canucks.
Shots for this period are 9 for Calgary Flames vs 7 for Vancouver Canucks.
3rd period
0:01 of 3rd period - Pavel Zacha wins face-off versus Artturi Lehkonen in neutral zone.
0:13 of 3rd period - Slapshot by Miro Heiskanen.
0:13 of 3rd period - Goal by Miro Heiskanen - Calgary Flames : 2 - Vancouver Canucks : 4.
0:14 of 3rd period - J.T. Miller wins face-off versus Aleksander Barkov in neutral zone.
0:45 of 3rd period - Jake Middleton is hit by Miro Heiskanen and loses puck.
0:55 of 3rd period - Off-side.
0:56 of 3rd period - Oliver Bjorkstrand wins face-off versus Connor Zary in neutral zone.
1:11 of 3rd period - Snap shot by Taylor Raddysh.
1:11 of 3rd period - Shot Misses the Net.
1:30 of 3rd period - Snap shot by Aleksander Barkov.
1:30 of 3rd period - Stopped by Ilya Sorokin without a rebound.
1:31 of 3rd period - J.T. Miller wins face-off versus Anton Lundell in Calgary Flames zone.
1:33 of 3rd period - Minor Penalty to Matthew Tkachuk for Hooking.
1:34 of 3rd period - Aleksander Barkov wins face-off versus Joel Eriksson Ek in Calgary Flames zone.
2:11 of 3rd period - Wrist shot by Casey Mittelstadt.
2:11 of 3rd period - Shot Blocked by Drew Doughty.
3:33 of 3rd period - Penalty to Matthew Tkachuk is over, Matthew Tkachuk is back on ice.
3:39 of 3rd period - Nic Dowd is hit by Kasperi Kapanen and loses puck.
3:59 of 3rd period - Mathieu Joseph is hit by Robby Fabbri and loses puck.
4:06 of 3rd period - Connor Zary is hit by Cole Sillinger and loses puck.
5:43 of 3rd period - Nic Dowd is hit by Clayton Keller and loses puck.
6:47 of 3rd period - Wrist shot by Jesperi Kotkaniemi.
6:47 of 3rd period - Stopped by Ilya Sorokin with a rebound.
6:49 of 3rd period - Slapshot by Miro Heiskanen.
6:49 of 3rd period - Shot Misses the Net.
6:51 of 3rd period - Wrist shot by Matias Maccelli.
6:51 of 3rd period - Stopped by Ilya Sorokin without a rebound.
6:52 of 3rd period - Nic Dowd wins face-off versus Anton Lundell in Calgary Flames zone.
6:52 of 3rd period - Nic Dowd is hit by Jacob Bryson.
7:19 of 3rd period - Snap shot by Nic Dowd.
7:19 of 3rd period - Stopped by Justus Annunen without a rebound.
7:20 of 3rd period - Pavel Zacha wins face-off versus Aleksander Barkov in Vancouver Canucks zone.
7:46 of 3rd period - Jeff Petry is hit by Clayton Keller and loses puck.
7:53 of 3rd period - Snap shot by Clayton Keller.
7:53 of 3rd period - Shot Misses the Net.
7:57 of 3rd period - Slapshot by Clayton Keller.
7:57 of 3rd period - Stopped by Ilya Sorokin with a rebound.
8:31 of 3rd period - Snap shot by Casey Mittelstadt.
8:31 of 3rd period - Stopped by Ilya Sorokin without a rebound.
8:32 of 3rd period - J.T. Miller wins face-off versus Aleksander Barkov in Calgary Flames zone.
9:05 of 3rd period - Slapshot by Clayton Keller.
9:05 of 3rd period - Stopped by Ilya Sorokin with a rebound.
9:49 of 3rd period - Snap shot by Nic Dowd.
9:49 of 3rd period - Stopped by Justus Annunen without a rebound.
9:50 of 3rd period - Nic Dowd wins face-off versus Artturi Lehkonen in Vancouver Canucks zone.
9:51 of 3rd period - Snap shot by Yakov Trenin.
9:51 of 3rd period - Stopped by Justus Annunen with a rebound.
9:53 of 3rd period - Snap shot by Nic Dowd.
9:53 of 3rd period - Shot Misses the Net.
9:55 of 3rd period - Snap shot by Nic Dowd.
9:55 of 3rd period - Deflect By Garnet Hathaway.
9:55 of 3rd period - Stopped by Justus Annunen with a rebound.
9:57 of 3rd period - Snap shot by Yakov Trenin.
9:57 of 3rd period - Goal by Yakov Trenin - Calgary Flames : 3 - Vancouver Canucks : 4.
9:58 of 3rd period - J.T. Miller wins face-off versus Casey Mittelstadt in neutral zone.
10:30 of 3rd period - Snap shot by Joel Eriksson Ek.
10:30 of 3rd period - Shot Misses the Net.
10:32 of 3rd period - Slapshot by Zach Hyman.
10:32 of 3rd period - Stopped by Justus Annunen with a rebound.
10:56 of 3rd period - Wrist shot by Connor Zary.
10:56 of 3rd period - Shot Misses the Net.
10:58 of 3rd period - Slapshot by Noah Hanifin.
10:58 of 3rd period - Shot Blocked by Oliver Bjorkstrand.
11:00 of 3rd period - Snap shot by Noah Hanifin.
11:00 of 3rd period - Stopped by Ilya Sorokin without a rebound.
11:01 of 3rd period - J.T. Miller wins face-off versus Aleksander Barkov in Calgary Flames zone.
11:14 of 3rd period - Wrist shot by Matthew Tkachuk.
11:14 of 3rd period - Stopped by Justus Annunen without a rebound.
11:15 of 3rd period - Aleksander Barkov wins face-off versus Zach Hyman in Vancouver Canucks zone.
12:04 of 3rd period - Emil Martinsen Lilleberg is hit by Drew Doughty and loses puck.
12:33 of 3rd period - Snap shot by Matias Maccelli.
12:33 of 3rd period - Stopped by Ilya Sorokin with a rebound.
12:35 of 3rd period - Slapshot by Emil Martinsen Lilleberg.
12:35 of 3rd period - Stopped by Ilya Sorokin without a rebound.
12:36 of 3rd period - Aleksander Barkov wins face-off versus Sebastian Aho in Calgary Flames zone.
12:53 of 3rd period - Snap shot by Joel Eriksson Ek.
12:53 of 3rd period - Stopped by Justus Annunen with a rebound.
13:09 of 3rd period - Slapshot by Miro Heiskanen.
13:09 of 3rd period - Stopped by Ilya Sorokin with a rebound.
13:11 of 3rd period - Wrist shot by Anton Lundell.
13:11 of 3rd period - Goal by Anton Lundell - Calgary Flames : 3 - Vancouver Canucks : 5.
13:12 of 3rd period - Aleksander Barkov wins face-off versus Sebastian Aho in neutral zone.
13:25 of 3rd period - Zach Hyman is hit by Aleksander Barkov and loses puck.
13:37 of 3rd period - Icing by Pavel Zacha.
13:38 of 3rd period - Anton Lundell wins face-off versus J.T. Miller in Calgary Flames zone.
13:41 of 3rd period - Wrist shot by Mikko Rantanen.
13:41 of 3rd period - Shot Misses the Net.
13:43 of 3rd period - Slapshot by Justin Schultz.
13:43 of 3rd period - Stopped by Ilya Sorokin without a rebound.
13:44 of 3rd period - Aleksander Barkov wins face-off versus J.T. Miller in Calgary Flames zone.
13:57 of 3rd period - Snap shot by Matthew Tkachuk.
13:57 of 3rd period - Stopped by Justus Annunen with a rebound.
14:20 of 3rd period - Snap shot by Clayton Keller.
14:20 of 3rd period - Shot Misses the Net.
14:22 of 3rd period - Slapshot by Anton Lundell.
14:22 of 3rd period - Deflect By Rasmus Andersson.
14:22 of 3rd period - Shot Misses the Net.
14:22 of 3rd period - Puck is out of play.
14:23 of 3rd period - Aleksander Barkov wins face-off versus J.T. Miller in Calgary Flames zone.
14:24 of 3rd period - Wrist shot by Artturi Lehkonen.
14:24 of 3rd period - Stopped by Ilya Sorokin without a rebound.
14:25 of 3rd period - J.T. Miller wins face-off versus Aleksander Barkov in Calgary Flames zone.
14:42 of 3rd period - Slapshot by J.T. Miller.
14:42 of 3rd period - Shot Misses the Net.
14:58 of 3rd period - Slapshot by Joel Eriksson Ek.
14:58 of 3rd period - Shot Blocked by Miro Heiskanen.
15:00 of 3rd period - Snap shot by Joel Eriksson Ek.
15:00 of 3rd period - Stopped by Justus Annunen without a rebound.
15:01 of 3rd period - Sebastian Aho wins face-off versus Connor Zary in Vancouver Canucks zone.
15:06 of 3rd period - Wrist shot by Joel Eriksson Ek.
15:06 of 3rd period - Shot Misses the Net.
15:08 of 3rd period - Slapshot by Jeremy Lauzon.
15:08 of 3rd period - Stopped by Justus Annunen with a rebound.
15:10 of 3rd period - Slapshot by Jeff Petry.
15:10 of 3rd period - Deflect By Emil Martinsen Lilleberg.
15:10 of 3rd period - Stopped by Justus Annunen with a rebound.
15:12 of 3rd period - Wrist shot by Joel Eriksson Ek.
15:12 of 3rd period - Stopped by Justus Annunen without a rebound.
15:13 of 3rd period - Aleksander Barkov wins face-off versus Oliver Bjorkstrand in Vancouver Canucks zone.
15:23 of 3rd period - Snap shot by Rasmus Andersson.
15:23 of 3rd period - Stopped by Justus Annunen with a rebound.
15:35 of 3rd period - Minor Penalty to Miro Heiskanen for Hooking.
15:36 of 3rd period - Anton Lundell wins face-off versus Joel Eriksson Ek in Vancouver Canucks zone.
16:43 of 3rd period - Snap shot by Joel Eriksson Ek.
16:43 of 3rd period - Shot Misses the Net.
16:45 of 3rd period - Slapshot by Jeff Petry.
16:45 of 3rd period - Stopped by Justus Annunen with a rebound.
16:47 of 3rd period - Wrist shot by Matthew Tkachuk.
16:47 of 3rd period - Stopped by Justus Annunen with a rebound.
16:49 of 3rd period - Wrist shot by Joel Eriksson Ek.
16:49 of 3rd period - Shot Blocked by Taylor Raddysh.
16:57 of 3rd period - Wrist shot by Matthew Tkachuk.
16:57 of 3rd period - Shot Misses the Net.
17:25 of 3rd period - Backhand shot by Joel Eriksson Ek.
17:25 of 3rd period - Shot Misses the Net.
17:27 of 3rd period - Slapshot by Jeff Petry.
17:27 of 3rd period - Shot Blocked by Jake Bean.
17:29 of 3rd period - Slapshot by Matthew Tkachuk.
17:29 of 3rd period - Shot Misses the Net.
17:31 of 3rd period - Slapshot by Joel Eriksson Ek.
17:31 of 3rd period - Shot Blocked by Taylor Raddysh.
17:33 of 3rd period - Wrist shot by Joel Eriksson Ek.
17:33 of 3rd period - Stopped by Justus Annunen without a rebound.
17:34 of 3rd period - Anton Lundell wins face-off versus J.T. Miller in Vancouver Canucks zone.
17:35 of 3rd period - Penalty to Miro Heiskanen is over, Miro Heiskanen is back on ice.
18:06 of 3rd period - Wrist shot by Oliver Bjorkstrand.
18:06 of 3rd period - Stopped by Justus Annunen with a rebound.
18:10 of 3rd period - Snap shot by Oliver Bjorkstrand.
18:10 of 3rd period - Shot Blocked by Justin Schultz.
18:29 of 3rd period - Minor Penalty to Justin Schultz for Tripping.
18:30 of 3rd period - Anton Lundell wins face-off versus Sebastian Aho in Vancouver Canucks zone.
18:40 of 3rd period - Wrist shot by Sebastian Aho.
18:40 of 3rd period - Stopped by Justus Annunen with a rebound.
18:42 of 3rd period - Snap shot by Sebastian Aho.
18:42 of 3rd period - Shot Misses the Net.
18:44 of 3rd period - Wrist shot by Zach Hyman.
18:44 of 3rd period - Shot Hit the Post.
18:46 of 3rd period - Slapshot by Drew Doughty.
18:46 of 3rd period - Stopped by Justus Annunen with a rebound.
19:14 of 3rd period - Aleksander Barkov is hit by Jeremy Lauzon and loses puck.
Goals for this period are 1 for Calgary Flames vs 2 for Vancouver Canucks.
Shots for this period are 20 for Calgary Flames vs 14 for Vancouver Canucks.
Back to the Top